AoeStats
← plwhaley

Black Forest

507130620Analyzed
3v3 RM · 17d ago on Sep 16, 2026· 113m 0s· 6 players
Game mode
Random Map
Map size
Normal (6 player)
Population
200
Speed
Normal
Resources
Standard
Victory
Conquest
Starting age
Dark Age
Ending age
Imperial Age
RankedLock teamsTeams togetherTeam positionsShared explorationLock speedFull tech treeHidden civsTurbo modeCheats
Victory
Defeat
🇬🇧 Burgundians · United Kingdom
835
+17
🇵🇱 Mongols · Poland
820
+18
🇺🇸 Spanish · United States
817
+18
🇩🇪 Britons · Germany
903
-19
🇩🇪 Goths · Germany
850
-17
🇩🇪 Franks · Germany
834
-17
Gurman8777
0:29 Loom
12:56 Feudal Age
19:11 Castle Age
17:34 Double-Bit Axe
21:47 Double-Bit Axe
23:04 Horse Collar
27:29 Padded Archer Armor
27:29 Scale Mail Armor
28:09 Bow Saw
30:46 Wheelbarrow
29:52 Elite Skirmisher
32:27 Gold Mining
32:27 Stone Mining
35:15 Imperial Age
33:53 Fletching
35:03 Gold Shaft Mining
34:41 Pikeman
35:40 Chain Mail Armor
35:31 Scale Barding Armor
35:41 Leather Archer Armor
35:27 Halberdier
36:08 Squires
36:56 Heavy Plow
37:10 Forging
39:03 Chemistry
39:19 Crop Rotation
44:56 Elite Coustillier
50:22 Chain Barding Armor
50:33 Plate Mail Armor
68:07 Plate Barding Armor
68:07 Iron Casting
73:08 Onager
85:44 Light Cavalry
86:55 Hussar
TotalNoobPL
1:07 Loom
15:14 Feudal Age
17:10 Double-Bit Axe
17:34 Town Watch
18:29 Gold Mining
20:56 Castle Age
19:55 Horse Collar
21:49 Heavy Plow
27:31 Fervor
28:23 Caravan
30:45 Wheelbarrow
30:52 Bow Saw
31:54 Devotion
32:29 Ballistics
31:48 Elite Skirmisher
32:47 Thumb Ring
33:35 Nomads
33:16 Pikeman
34:00 Squires
33:46 Arson
34:42 Padded Archer Armor
34:56 Fletching
35:21 Fortified Wall
35:24 Masonry
35:18 Murder Holes
38:51 Imperial Age
36:53 Bodkin Arrow
37:17 Leather Archer Armor
37:05 Scale Mail Armor
37:33 Forging
39:09 Iron Casting
38:41 Scale Barding Armor
39:24 Hand Cart
40:29 Conscription
40:41 Parthian Tactics
40:43 Bracer
40:42 Capped Ram
42:09 Coinage
42:19 Siege Ram
44:03 Bloodlines
43:56 Husbandry
44:37 Stone Mining
45:10 Onager
45:48 Cavalier
47:45 Gold Shaft Mining
47:49 Stone Shaft Mining
48:38 Siege Onager
49:43 Drill
52:21 Chain Barding Armor
53:04 Blast Furnace
52:20 Chain Mail Armor
54:02 Chemistry
53:31 Elite Steppe Lancer
58:40 Siege Engineers
63:26 Elite Mangudai
68:52 Heavy Scorpion
71:52 Plate Mail Armor
111:18 Hoardings
plwhaley
0:48 Loom
14:12 Feudal Age
19:12 Castle Age
18:34 Double-Bit Axe
18:36 Horse Collar
24:22 Wheelbarrow
27:14 Bow Saw
28:32 Heavy Plow
30:20 Hand Cart
30:48 Caravan
36:01 Imperial Age
33:25 Fletching
33:35 Padded Archer Armor
35:00 Forging
34:56 Scale Barding Armor
36:26 Iron Casting
35:48 Bodkin Arrow
36:08 Leather Archer Armor
36:30 Husbandry
36:40 Bloodlines
36:37 Town Watch
38:10 Two-Man Saw
36:33 Cavalier
37:37 Conscription
37:59 Gold Mining
38:01 Stone Mining
38:08 Paladin
39:18 Elite Conquistador
41:24 Blast Furnace
42:07 Chain Barding Armor
42:19 Ring Archer Armor
42:02 Bracer
42:42 Town Patrol
43:47 Inquisition
44:16 Block Printing
47:54 Fortified Wall
48:53 Chemistry
48:23 Ballistics
49:31 Illumination
65:18 Arson
65:34 Squires
64:54 Pikeman
65:21 Gambesons
64:56 Man-at-Arms
65:48 Halberdier
70:01 Scale Mail Armor
70:37 Plate Barding Armor
70:58 Chain Mail Armor
70:09 Long Swordsman
71:49 Two-Handed Swordsman
74:20 Champion
82:23 Plate Mail Armor
83:14 Light Cavalry
108:43 Hussar
Arvin Veels
6:26 Loom
13:56 Feudal Age
15:12 Double-Bit Axe
16:07 Wheelbarrow
18:10 Horse Collar
18:49 Forging
18:40 Scale Mail Armor
21:18 Castle Age
22:14 Bow Saw
22:26 Hand Cart
22:12 Heavy Plow
32:20 Imperial Age
29:42 Town Watch
30:36 Anarchy
30:32 Stone Mining
30:35 Gold Mining
31:27 Iron Casting
31:08 Chain Mail Armor
31:34 Pikeman
32:18 Squires
32:30 Caravan
33:24 Stone Shaft Mining
33:42 Conscription
33:23 Perfusion
35:24 Crop Rotation
36:29 Two-Man Saw
37:14 Blast Furnace
37:19 Chemistry
36:40 Ballistics
36:16 Murder Holes
36:32 Masonry
36:18 Man-at-Arms
36:20 Halberdier
37:37 Fletching
37:33 Elite Huskarl
38:05 Long Swordsman
38:22 Two-Handed Swordsman
39:13 Champion
40:37 Coinage
40:20 Guilds
40:12 Capped Ram
46:38 Heavy Scorpion
78:36 Bodkin Arrow
78:46 Scale Barding Armor
101:51 Onager
Cpt Mabutix
0:44 Loom
16:45 Feudal Age
21:59 Double-Bit Axe
24:37 Castle Age
24:39 Scale Barding Armor
24:47 Forging
25:27 Wheelbarrow
26:41 Stone Mining
26:42 Gold Mining
29:52 Bow Saw
30:07 Chain Barding Armor
30:23 Iron Casting
32:26 Town Watch
33:03 Husbandry
33:41 Fortified Wall
38:42 Imperial Age
37:22 Gold Shaft Mining
37:54 Caravan
37:57 Gambesons
38:49 Cavalier
39:24 Pikeman
41:17 Plate Barding Armor
40:57 Chivalry
42:26 Paladin
48:27 Blast Furnace
51:01 Scale Mail Armor
56:32 Chemistry
64:00 Chain Mail Armor
72:27 Coinage
78:04 Hand Cart
Onix <3
10:49 Loom
12:35 Feudal Age
17:13 Castle Age
16:04 Double-Bit Axe
16:48 Horse Collar
19:01 Stone Mining
19:02 Gold Mining
19:15 Heavy Plow
19:32 Bow Saw
21:56 Gold Shaft Mining
26:53 Fletching
27:04 Padded Archer Armor
27:36 Bodkin Arrow
31:27 Imperial Age
30:05 Leather Archer Armor
30:02 Forging
29:57 Scale Mail Armor
29:34 Man-at-Arms
30:01 Gambesons
30:16 Squires
29:46 Pikeman
30:18 Gambesons
32:04 Wheelbarrow
31:14 Town Watch
32:13 Masonry
32:25 Ballistics
32:24 Fortified Wall
33:27 Two-Man Saw
33:01 Conscription
33:09 Yeomen
34:21 Chemistry
33:34 Fortified Wall
33:32 Siege Engineers
34:39 Hoardings
33:58 Halberdier
34:55 Bracer
36:27 Ring Archer Armor
36:36 Iron Casting
36:17 Chain Mail Armor
35:53 Arson
38:23 Hand Cart
38:09 Town Patrol
39:53 Blast Furnace
39:52 Caravan
39:24 Elite Longbowman
41:02 Coinage
40:13 Capped Ram
43:10 Plate Mail Armor
43:12 Banking
42:44 Caravan
74:51 Heavy Scorpion
103:49 Crossbowman
105:48 Arbalester
Connection lost

Rejoining the realm…

Still unreachable

The connection could not be restored.

Session expired

The server has moved on; the page needs a fresh start.